 Dungeon Crawl Stone Soup version 0.30-a0-672-gc3a7216ad8 (webtiles) character file.

Game seed: 18445551733259666154

624 Leeroy the Grasshopper (level 7, -2/56 HPs)
             Began as a Gnoll Warper on Jan 18, 2023.
             Slain by an ogre
             ... wielding a +0 giant club
              (17 damage)
             ... on level 6 of the Dungeon.
             The game lasted 00:04:58 (5572 turns).

Leeroy the Grasshopper (Gnoll Warper)               Turns: 5572, Time: 00:04:58

Health: -2/56      AC:  5    Str: 10    XL:     7   Next: 47%
Magic:  15/15      EV: 13    Int: 16    God:
Gold:   342        SH:  0    Dex: 14    Spells: 3/17 levels left

rFire   . . .      SeeInvis .    w - +1 short sword (holy)
rCold   . . .      Faith    .    (no shield)
rNeg    . . .      Spirit   .    b - +0 leather armour
rPois   +          Reflect  .    (no helmet)
rElec   .          Harm     .    (no cloak)
rCorr   .          Rampage  .    (no gloves)
Will    .....                    (no boots)
Stlth   ++                       (no amulet)
HPRegen 0.29/turn                m - +6 ring of intelligence
MPRegen 0.14/turn                s - ring of poison resistance

@: no status effects
A: fangs 1, strong nose, distributed training, iridescent scales 1, dopey 1
a: no special abilities


You were on level 6 of the Dungeon.
You visited 1 branch of the dungeon, and saw 6 of its levels.

You collected 342 gold pieces.

Inventory:

Hand Weapons
 a - a +0 falchion
 e - a +0 dagger of venom
 n - a +0 whip of venom
 w - a +1 short sword of holy wrath (weapon)
 z - a +0 rapier
Missiles
 d - 7 boomerangs of dispersal (quivered)
 f - 12 poisoned darts
 p - 2 datura-tipped darts
 x - 8 boomerangs
Armour
 b - a +0 leather armour (worn)
Jewellery
 m - a +6 ring of intelligence (left hand)
 s - a ring of poison resistance (right hand)
Wands
 q - a wand of light (20)
 B - a wand of charming (9)
Scrolls
 c - a scroll of blinking
 h - 6 scrolls of identify {unknown}
 k - 7 scrolls of amnesia
 l - 5 scrolls of teleportation {unknown}
 o - 3 scrolls of enchant armour {unknown}
 v - a scroll of fear {unknown}
 y - a scroll of poison {unknown}
 A - a scroll of noise {unknown}
 C - a scroll of magic mapping {unknown}
Potions
 g - 2 potions of mutation
 i - a potion of curing
 j - 2 potions of attraction {unknown}
 r - a potion of heal wounds {unknown}
 t - a potion of brilliance {unknown}
 u - a potion of ambrosia {unknown}


   Skills:
 + Level 5.3 Fighting
 + Level 2.6 Short Blades
 + Level 5.3 Long Blades
 + Level 2.6 Axes
 + Level 2.6 Maces & Flails
 + Level 2.6 Polearms
 + Level 2.6 Staves
 + Level 2.6 Ranged Weapons
 + Level 3.7 Throwing
 + Level 3.7 Armour
 + Level 5.3 Dodging
 + Level 2.6 Stealth
 + Level 2.6 Shields
 + Level 2.6 Unarmed Combat
 + Level 5.7 Spellcasting
 + Level 2.1 Conjurations
 + Level 2.1 Hexes
 + Level 2.1 Summonings
 + Level 2.1 Necromancy
 + Level 5.9 Translocations
 + Level 2.1 Transmutations
 + Level 2.1 Fire Magic
 + Level 2.1 Ice Magic
 + Level 2.1 Air Magic
 + Level 2.1 Earth Magic
 + Level 2.1 Poison Magic
 + Level 2.9 Invocations
 + Level 2.6 Evocations


You had 3 spell levels left.
You knew the following spells:

 Your Spells              Type           Power      Damage    Failure   Level
a - Blink                 Tloc           46%        N/A       2%          2
b - Vhi's Electric Charg  Tloc/Air       34%        N/A       11%         3
c - Teleport Other        Tloc           23%        N/A       4%          3
d - Manifold Assault      Tloc           23%        N/A       16%         4
e - Passwall              Tmut/Erth      9%         N/A       12%         2

Your spell library contained the following spells:

 Spells                   Type           Power      Damage    Failure   Level
 Apportation              Tloc           46%        N/A       1%          1
 Lesser Beckoning         Tloc           46%        N/A       2%          2
 Gell's Gravitas          Tloc           23%        N/A       4%          3
 Necrotise                Necr           44%        1d6       8%          1
 Sandblast                Erth           22%        2d7       8%          1
 Summon Small Mammal      Summ           44%        N/A       8%          1
 Stone Arrow              Conj/Erth      22%        3d8       24%         3
 Dispersal                Tloc           11%        N/A       94%         6


Dungeon Overview and Level Annotations

Branches:
Dungeon (6/15)
 Temple: D:4-7

Altars:
Hepliaklqana
Makhleb
Sif Muna
Wu Jian


Innate Abilities, Weirdness & Mutations

You have very sharp teeth.
Your uncanny sense of smell can sniff out nearby items.
Your experience applies equally to all skills.
You are partially covered in iridescent scales. (AC +2)
You are dopey. (Int -2)


Message History

You slash the necrophage! Your bite misses the necrophage.
The necrophage is moderately damaged.
The necrophage hits you. The ogre closely misses you.
The ogre attacks as you move away!
The ogre hits you with a +0 giant club!!
You hit the necrophage. You bite the necrophage.
The necrophage is heavily damaged.
The necrophage hits you.
Your +1 short sword of holy wrath softly glows with a divine radiance!
w - a +1 short sword of holy wrath (weapon)
The necrophage barely misses you.
You hit the necrophage.
The necrophage convulses.
The necrophage is severely damaged.
The necrophage hits you.
You hit the necrophage but do no damage.
The necrophage is severely damaged.
The necrophage closely misses you.
You completely miss the necrophage.
The necrophage is severely damaged.
The necrophage hits you but does no damage.
You hit the necrophage.
The necrophage convulses.
The necrophage is almost destroyed.
You completely miss the necrophage.
The necrophage is almost destroyed.
The necrophage barely misses you.
You hit the necrophage.
You destroy the necrophage!
You hit the ogre.
The ogre is lightly wounded.
The ogre closely misses you.
You hit the ogre but do no damage.
The ogre is lightly wounded.
You barely miss the ogre.
The ogre is lightly wounded.
The ogre hits you with a +0 giant club!
* * * LOW HITPOINT WARNING * * *
You hit the ogre. Your bite misses the ogre.
The ogre is lightly wounded.
The ogre hits you with a +0 giant club!
You die...

### #.# ∆ #.# ∆ #.# #.#
∆ #.# #.#
###############.## #
#................#
+#+##.#@################
......#O# ........#
........# .......>#
+#+##.#.# .....# ..#...#
#.......


You could see an ogre.

Vanquished Creatures
  A centaur (D:6)
  A scorpion (D:4)
  2 necrophages
  3 hounds
  A jelly (D:4)
  An iguana (D:4)
  4 gnolls
  7 adders
  2 ufetubi
  2 worms (D:2)
  3 dart slugs
  13 orcs
  11 ball pythons
  3 bats
  10 endoplasms
  5 giant cockroaches
  7 goblins
  5 hobgoblins
  6 kobolds
  2 quokkas
  A frilled lizard (D:2)
  A rat (D:2)
91 creatures vanquished.

Vanquished Creatures (others)
  An endoplasm (D:4)
1 creature vanquished.

Grand Total: 92 creatures vanquished

Notes
Turn   | Place    | Note
-------+----------+-------------------------------------------
     0 | D:1      | Leeroy the Gnoll Warper began the quest for the Orb.
     0 | D:1      | Reached XP level 1. HP: 20/20 MP: 6/6
   368 | D:1      | Reached XP level 2. HP: 26/26 MP: 7/7
   488 | D:1      | Learned a level 2 spell: Blink
   747 | D:2      | Reached skill level 5 in Spellcasting
   747 | D:2      | Reached XP level 3. HP: 14/31 MP: 7/9
   971 | D:2      | Reached skill level 1 in Invocations
  1237 | D:2      | Reached skill level 1 in Short Blades
  1237 | D:2      | Reached skill level 1 in Axes
  1237 | D:2      | Reached skill level 1 in Maces & Flails
  1237 | D:2      | Reached skill level 1 in Polearms
  1237 | D:2      | Reached skill level 1 in Staves
  1237 | D:2      | Reached skill level 1 in Ranged Weapons
  1237 | D:2      | Reached skill level 1 in Stealth
  1237 | D:2      | Reached skill level 1 in Shields
  1237 | D:2      | Reached skill level 1 in Unarmed Combat
  1237 | D:2      | Reached skill level 1 in Evocations
  1438 | D:2      | Reached XP level 4. HP: 11/38 MP: 11/11
  1556 | D:3      | Reached skill level 1 in Conjurations
  1556 | D:3      | Reached skill level 1 in Hexes
  1556 | D:3      | Reached skill level 1 in Summonings
  1556 | D:3      | Reached skill level 1 in Necromancy
  1556 | D:3      | Reached skill level 1 in Transmutations
  1556 | D:3      | Reached skill level 1 in Fire Magic
  1556 | D:3      | Reached skill level 1 in Ice Magic
  1556 | D:3      | Reached skill level 1 in Air Magic
  1556 | D:3      | Reached skill level 1 in Earth Magic
  1556 | D:3      | Reached skill level 1 in Poison Magic
  1801 | D:3      | Learned a level 3 spell: Vhi's Electric Charge
  1805 | D:3      | Learned a level 3 spell: Teleport Other
  1810 | D:3      | Learned a level 4 spell: Manifold Assault
  2123 | D:3      | Reached XP level 5. HP: 36/43 MP: 12/12
  2917 | D:4      | Found a shimmering blue altar of Sif Muna.
  3185 | D:4      | Reached XP level 6. HP: 18/50 MP: 14/14
  3653 | D:4      | Reached skill level 5 in Fighting
  3653 | D:4      | Reached skill level 5 in Long Blades
  3653 | D:4      | Reached skill level 5 in Dodging
  3992 | D:4      | Gained mutation: You are dopey. (Int -2) [potion of
                  | mutation]
  3992 | D:4      | Gained mutation: You are partially covered in iridescent
                  | scales. (AC +2) [potion of mutation]
  4452 | D:5      | Entered Level 5 of the Dungeon
  4452 | D:5      | Found a burning altar of Makhleb.
  4510 | D:5      | Reached XP level 7. HP: 54/56 MP: 15/15
  4518 | D:5      | Learned a level 2 spell: Passwall
  4573 | D:5      | Found an ornate altar of the Wu Jian Council.
  5377 | D:6      | Found a hazy altar of Hepliaklqana.
  5572 | D:6      | Slain by an ogre

Illustrated notes

Levels and vault maps discovered:
D:1:      dpeg_arrival_chambers_temple_mockup, layout_basic
D:2:      layout_loops_ring
D:3:      layout_loops_cross, minmay_fractal_squares_diagonal_5
D:4:      minmay_chambers_of_threes, layout_basic,
          mainiacjoe_overflow_boulevard, lemuel_flame_loot_1
D:5:      layout_basic, nicolae_wu_jian_wuxing_cycle, amcnicky_altar_gilded,
          hangedman_decor_peaks_small, kennysheep_generic_room_16
D:6:      layout_basic, minmay_overflow_temple_star_quad,
          nicolae_overflow_crystal_walls, minmay_temple_entry_ruins

Skill      XL: |  1  2  3  4  5  6  7 |
---------------+----------------------+-----
Spellcasting   | 5 |  5.7
Invocations    | 1 2 |  2.9
Short Blades   | 1 2 |  2.6
Axes           | 1 2 |  2.6
Maces & Flails | 1 2 |  2.6
Polearms       | 1 2 |  2.6
Staves         | 1 2 |  2.6
Ranged Weapons | 1 2 |  2.6
Stealth        | 1 2 |  2.6
Shields        | 1 2 |  2.6
Unarmed Combat | 1 2 |  2.6
Evocations     | 1 2 |  2.6
Conjurations   | 1 2 |  2.1
Hexes          | 1 2 |  2.1
Summonings     | 1 2 |  2.1
Necromancy     | 1 2 |  2.1
Transmutations | 1 2 |  2.1
Fire Magic     | 1 2 |  2.1
Ice Magic      | 1 2 |  2.1
Air Magic      | 1 2 |  2.1
Earth Magic    | 1 2 |  2.1
Poison Magic   | 1 2 |  2.1
Throwing       | 3 |  3.7
Armour         | 3 |  3.7
Fighting       | 5 |  5.3
Long Blades    | 5 |  5.3
Dodging        | 5 |  5.3
Translocations | |  5.9

Action                   |  1- 3 |  4- 6 |  7- 9 || total
-------------------------+-------+-------+-------++-------
Melee: Falchion          |    41 |   146 |    50 ||   237
       Bite              |    14 |    21 |     7 ||    42
       Punch             |     3 |     2 |     2 ||     7
       Dagger            |    52 |    87 |       ||   139
       Short sword       |       |       |    10 ||    10
 Cast: Manifold Assault  |       |     2 |       ||     2
  Use: Potion            |       |     2 |       ||     2
       Scroll            |       |       |     1 ||     1
 Stab: Distracted        |     1 |       |       ||     1
       Sleeping          |     1 |     5 |     2 ||     8
Armor: Leather armour    |    15 |    49 |    16 ||    80
Dodge: Dodged            |    51 |   156 |    46 ||   253

Table legend: (Time is in decaauts)
 A = Elapsed time spent in this place.
 B = Non-inter-level travel time spent in this place.
 C = Inter-level travel time spent in this place.
 D = Time resting spent in this place.
 E = Time spent auto-exploring this place.
 F = Levels seen in this place.
 G = Mean time per level.
                   A        B        C        D        E       F      G
               +--------+--------+--------+--------+--------+-----+--------+
         Total |   5573 |   5397 |    176 |    451 |   4144 |   6 |  928.8 |
       Dungeon |   5573 |   5397 |    176 |    451 |   4144 |   6 |  928.8 |
               +--------+--------+--------+--------+--------+-----+--------+

Top non-repeatable levels by time:
     D:4: 1952 daAuts
     D:3: 963 daAuts
     D:5: 917 daAuts
     D:2: 867 daAuts
     D:1: 671 daAuts
     D:6: 202 daAuts
